 Dungeon Crawl Stone Soup version 0.29.1-2-gbd0b4ee654 (webtiles) character file.

Game seed: 11194323062376870618

475 RUZZLEFAZAZZLE the Shield-Bearer (level 7, 0/90 HPs)
             Began as a Gnoll Fighter on Nov 26, 2022.
             Slain by a killer bee (5 damage)
             ... on level 4 of the Dungeon.
             The game lasted 00:09:42 (3202 turns).

RUZZLEFAZAZZLE the Shield-Bearer (Gnoll Fighter)    Turns: 3202, Time: 00:09:43

Health: 0/90       AC: 23    Str: 14 (17) XL:     7   Next: 10%
Magic:  10/10      EV:  2    Int:  7 (8)  God:
Gold:   77         SH: 10    Dex:  8 (11) Spells: 10/10 levels left

rFire   . . .      SeeInvis .   a - +0 war axe
rCold   . . .      Faith    .   c - +0 buckler
rNeg    . . .      Spirit   .   (body armour currently unavailable)
rPois   +          Reflect  +   (helmet currently unavailable)
rElec   .          Harm     .   (cloak currently unavailable)
rCorr   +          Rampage  .   (gloves currently unavailable)
Will    .....      NoTele   +   (boots currently unavailable)
Stlth   ++........              m - amulet of reflection
HPRegen 0.25/turn               g - ring of resist corrosion
MPRegen 0.12/turn               i - +4 ring of evasion

@: mighty, lethally poisoned (0 -> -6), tree-form
A: stationary, stasis, torment immunity, boosted hp, (fangs 1), strong nose,
distributed training
a: no special abilities


You were on level 4 of the Dungeon.
You were a tree.
You visited 1 branch of the dungeon, and saw 4 of its levels.

You collected 133 gold pieces.
You spent 56 gold pieces at shops.

Inventory:

Hand Weapons
 a - a +0 war axe (weapon)
Armour
 b - a +0 helmet (melded)
 c - a +0 buckler (worn)
 j - a +0 chain mail (melded)
Magical Staves
 k - a staff of conjuration
Jewellery
 g - a ring of resist corrosion (left branch)
 i - a +4 ring of evasion (right branch)
 m - an amulet of reflection (around neck)
Wands
 l - a wand of polymorph (3)
Scrolls
 f - 5 scrolls of identify
 n - a scroll of amnesia
Potions
 d - a potion of might
 e - a potion of attraction


   Skills:
 + Level 7.0 Fighting
 + Level 2.3 Short Blades
 + Level 2.3 Long Blades
 + Level 5.2 Axes
 + Level 2.3 Maces & Flails
 + Level 2.3 Polearms
 + Level 2.3 Staves
 + Level 2.3 Ranged Weapons
 + Level 2.3 Throwing
 + Level 7.0 Armour
 + Level 2.3 Dodging
 + Level 2.3 Stealth
 + Level 7.0 Shields
 + Level 2.3 Unarmed Combat
 + Level 2.3 Spellcasting
 + Level 1.9 Conjurations
 + Level 1.9 Hexes
 + Level 1.9 Summonings
 + Level 1.9 Necromancy
 + Level 1.9 Translocations
 + Level 1.9 Transmutations
 + Level 1.9 Fire Magic
 + Level 1.9 Ice Magic
 + Level 1.9 Air Magic
 + Level 1.9 Earth Magic
 + Level 1.9 Poison Magic
 + Level 2.6 Invocations
 + Level 2.3 Evocations


You had 10 spell levels left.
You didn't know any spells.
Your spell library contained the following spells:

 Spells                   Type           Power      Damage    Failure   Level
 Static Discharge         Conj/Air       3%         3-4/arc   32%         2
 Conjure Flame            Conj/Fire      3%         6-21      54%         3
 Ignite Poison            Fire/Tmut/Pois 3%         N/A       54%         3
 Sticky Flame             Conj/Fire      3%         2d3       91%         4
 Lightning Bolt           Conj/Air       1%         1d12      99%         5
 Maxwell's Capacitive Co  Air            1%         ∞         100%        8


Dungeon Overview and Level Annotations

Branches:
Dungeon (4/15)
 Temple: D:4-7

Altars:

Shops:
D:2 ?   D:3 *   D:4 (


Innate Abilities, Weirdness & Mutations

You are a tree.
Your roots penetrate the ground, keeping you stationary.
You cannot be teleported.
You are immune to unholy pain and torment.
Your maximum health is greatly increased.
Your equipment is partially melded.
((You have very sharp teeth.))
Your uncanny sense of smell can sniff out nearby items.
Your experience applies equally to all skills.


Message History

You turn into a tree.
Your +0 helmet melds into your body.
Your +0 chain mail melds into your body.
Your roots penetrate the ground.
You feel sick. You block the killer bee's attack. The killer bee stings you.
* * * LOW HITPOINT WARNING * * *
You are more poisoned.
The killer bee poisons you! The killer bee stings you.
* * * LOW HITPOINT WARNING * * *
You block the killer bee's attack. The hound bites you but does no damage.
You closely miss the killer bee.
The killer bee is moderately wounded.
You hit the hound. You closely miss the killer bee.
* * * LOW HITPOINT WARNING * * *
You feel very sick. The killer bee barely misses you.
You block the killer bee's attack. The hound bites you but does no damage.
The killer bee stings you but does no damage.
You block the killer bee's attack. The hound bites you but does no damage.
The killer bee completely misses you. You block the killer bee's attack.
You barely miss the killer bee.
The killer bee is moderately wounded.
You barely miss the hound. You barely miss the killer bee.
* * * LOW HITPOINT WARNING * * *
You feel very sick.
The killer bee stings you but does no damage. x2
You block the hound's attack.
The killer bee stings you but does no damage. x2
You block the hound's attack.
You miss the killer bee.
The killer bee is moderately wounded.
You slash the hound! You closely miss the killer bee.
* * * LOW HITPOINT WARNING * * *
You feel very sick. The killer bee stings you.
* * * LOW HITPOINT WARNING * * *
The killer bee stings you but does no damage.
You block the hound's attack.
The killer bee stings you but does no damage.
The killer bee stings you.
You die...

~~~≈≈~≈≈≈~~♣♣~........##
♣~~~~≈≈≈≈~~~♣..........##
♣~♣~♣~≈~~~~~~..###..##..#
~♣~~~~~~~~~♣~>.####.....##
.♣♣~~~~~~~~♣♣....###.....##
#~♣~♣~~~♣~~~.....##.......#
##~~~~~~~~♣......##.......#
...~~~~~~~♣....yyh........#
##.~♣~~~♣~......♣......>..#
...#♣♣~♣~...................
####.♣♣~####.##...........#.
#..#..####.....##.......#
###.......#..#.#####.....##
...............# #....#
##.#..........## ###..
##.........#### .
...####>...#


You could see a hound and 2 killer bees.

Vanquished Creatures
  A necrophage (D:4)
  4 killer bees
  A hound (D:4)
  2 orc priests (D:3)
  A gnoll (D:1)
  4 adders
  2 worms
  4 dart slugs
  7 orcs (D:3)
  10 ball pythons
  5 endoplasms
  A giant cockroach (D:1)
  7 goblins
  10 hobgoblins
  3 jackals (D:3)
  A quokka (D:2)
  4 bats
  3 frilled lizards (D:1)
  5 kobolds
  12 rats
87 creatures vanquished.

Vanquished Creatures (others)
  16 plants (D:4)
16 creatures vanquished.

Grand Total: 103 creatures vanquished

Notes
Turn   | Place    | Note
-------+----------+-------------------------------------------
     0 | D:1      | RUZZLEFAZAZZLE the Gnoll Fighter began the quest for the
                  | Orb.
     0 | D:1      | Reached XP level 1. HP: 23/23 MP: 1/1
   116 | D:1      | Reached XP level 2. HP: 28/29 MP: 2/2
   391 | D:1      | Reached XP level 3. HP: 35/35 MP: 3/3
   427 | D:1      | Found a faded altar of an unknown god.
   540 | D:1      | Reached skill level 1 in Invocations
   829 | D:1      | Reached skill level 1 in Short Blades
   829 | D:1      | Reached skill level 1 in Long Blades
   829 | D:1      | Reached skill level 1 in Maces & Flails
   829 | D:1      | Reached skill level 1 in Polearms
   829 | D:1      | Reached skill level 1 in Staves
   829 | D:1      | Reached skill level 1 in Ranged Weapons
   829 | D:1      | Reached skill level 1 in Throwing
   829 | D:1      | Reached skill level 1 in Dodging
   829 | D:1      | Reached skill level 1 in Stealth
   829 | D:1      | Reached skill level 1 in Unarmed Combat
   829 | D:1      | Reached skill level 1 in Spellcasting
   829 | D:1      | Reached skill level 1 in Evocations
  1020 | D:2      | Reached XP level 4. HP: 40/41 MP: 5/5
  1155 | D:2      | Found Tunt's Magic Scroll Shop.
  1163 | D:2      | Bought a scroll of identify for 28 gold pieces
  1163 | D:2      | Bought a scroll of identify for 28 gold pieces
  1471 | D:3      | Reached skill level 1 in Conjurations
  1471 | D:3      | Reached skill level 1 in Hexes
  1471 | D:3      | Reached skill level 1 in Summonings
  1471 | D:3      | Reached skill level 1 in Necromancy
  1471 | D:3      | Reached skill level 1 in Translocations
  1471 | D:3      | Reached skill level 1 in Transmutations
  1471 | D:3      | Reached skill level 1 in Fire Magic
  1471 | D:3      | Reached skill level 1 in Ice Magic
  1471 | D:3      | Reached skill level 1 in Air Magic
  1471 | D:3      | Reached skill level 1 in Earth Magic
  1471 | D:3      | Reached skill level 1 in Poison Magic
  1665 | D:3      | Reached XP level 5. HP: 34/47 MP: 5/7
  1875 | D:3      | Found Keximep's Assorted Antiques.
  2451 | D:4      | Reached XP level 6. HP: 20/53 MP: 8/8
  2468 | D:4      | Reached skill level 5 in Axes
  3005 | D:4      | Reached XP level 7. HP: 52/60 MP: 10/10
  3117 | D:4      | Found Cetum's Weapon Shop.
  3202 | D:4      | Slain by a killer bee

Illustrated notes

Levels and vault maps discovered:
D:1:      amcnicky_arrival_underground_garden, layout_basic,
          chequers_ecumenical_altar_simple
D:2:      layout_rooms, serial_shops,
          nicolae_shop_temple_entry_statues_fountains
D:3:      layout_basic, serial_shops, shop, minmay_pentomino_pile
D:4:      layout_rooms, serial_shops, nicolae_shop_bloodbath_and_beyond,
          serial_bayou_lake_a

Skill      XL: |  1  2  3  4  5  6 |
---------------+-------------------+-----
Invocations    | 1 2 |  2.6
Short Blades   | 1 2 |  2.3
Long Blades    | 1 2 |  2.3
Maces & Flails | 1 2 |  2.3
Polearms       | 1 2 |  2.3
Staves         | 1 2 |  2.3
Ranged Weapons | 1 2 |  2.3
Throwing       | 1 2 |  2.3
Dodging        | 1 2 |  2.3
Stealth        | 1 2 |  2.3
Unarmed Combat | 1 2 |  2.3
Spellcasting   | 1 2 |  2.3
Evocations     | 1 2 |  2.3
Conjurations   | 1 |  1.9
Hexes          | 1 |  1.9
Summonings     | 1 |  1.9
Necromancy     | 1 |  1.9
Translocations | 1 |  1.9
Transmutations | 1 |  1.9
Fire Magic     | 1 |  1.9
Ice Magic      | 1 |  1.9
Air Magic      | 1 |  1.9
Earth Magic    | 1 |  1.9
Poison Magic   | 1 |  1.9
Axes           | 5 |  5.2
Fighting       | 7 |  7.0
Armour         | 7 |  7.0
Shields        | 7 |  7.0

Action                   |  1- 3 |  4- 6 |  7- 9 || total
-------------------------+-------+-------+-------++-------
Melee: War axe           |    89 |   178 |    10 ||   277
       Bite              |     3 |    13 |       ||    16
  Use: Scroll            |       |     7 |     1 ||     8
       Potion            |       |     3 |     4 ||     7
Armor: Scale mail        |    39 |     7 |       ||    46
       Chain mail        |       |    69 |    10 ||    79
       Skin              |       |       |    10 ||    10
Dodge: Dodged            |    47 |   102 |    12 ||   161
Block: Buckler           |    32 |    91 |    23 ||   146
